 Dungeon Crawl Stone Soup version 0.30-a0-948-g4fa250aae5 (webtiles) character file.

Game seed: 6930328507484825544

18 avis the Insei (level 2, 0/15 HPs)
             Began as a Vine Stalker Transmuter on Mar 27, 2023.
             Slain by a hobgoblin (1 damage)
             ... on level 1 of the Dungeon.
             The game lasted 00:02:52 (247 turns).

avis the Insei (Vine Stalker Transmuter)             Turns: 247, Time: 00:02:53

Health: 0/15       AC:  2    Str: 12    XL:     2   Next: 66%
Magic:  0/6        EV: 12    Int: 13    God:
Gold:   41         SH:  0    Dex: 14    Spells: 3/6 levels left

rFire   . . .      SeeInvis .    a - +0 dagger
rCold   . . .      Faith    .    (no shield)
rNeg    . . .      Spirit   +    f - +0 robe
rPois   .          Reflect  .    (no helmet)
rElec   .          Rampage  .    (no cloak)
rCorr   .                        (no gloves)
Will    .....                    (no boots)
Stlth   +                        (no amulet)
HPRegen 0.22/turn                (no ring)
MPRegen 0.10/turn                (no ring)

@: wereblooded
A: fangs 2, magic shield, antimagic bite, no potion heal 2
a: no special abilities


You were on level 1 of the Dungeon.
You visited 1 branch of the dungeon, and saw 1 of its levels.

You collected 41 gold pieces.

Inventory:

Hand Weapons
 a - a +0 dagger (weapon)
Armour
 f - a +0 robe (worn)
Scrolls
 c - a scroll of blinking {unknown}
Potions
 b - a potion of lignification
 d - a potion of might {unknown}
 e - a potion of curing {unknown}


   Skills:
 - Level 2.0 Fighting
 + Level 0.0 Short Blades
 - Level 1.5 Dodging
 - Level 3.0 Unarmed Combat
 * Level 2.5 Spellcasting
 - Level 2.0 Transmutations


You had 3 spell levels left.
You knew the following spells:

 Your Spells              Type           Power      Damage    Failure   Level
a - Beastly Appendage     Tmut           12%        N/A       11%         1
e - Wereblood             Tmut           6%         N/A       16%         2

Your spell library contained the following spells:

 Spells                   Type           Power      Damage    Failure   Level
 Spider Form              Tmut/Pois      4%         N/A       43%         3
 Ice Form                 Ice/Tmut       4%         N/A       85%         4


Dungeon Overview and Level Annotations

Branches:
Dungeon (1/15)

Altars:


Innate Abilities, Weirdness & Mutations

You have extremely sharp teeth.
When hurt, damage is shared between your health and your magic reserves.
Your bite disrupts and absorbs the magic of your enemies.
Potions cannot restore your health.


Message History

You hit the hobgoblin. You bite the hobgoblin. You drain its power.
You feel invigorated.
The hobgoblin is severely wounded.
The hobgoblin hits you. The ball python closely misses you.
The ball python grabs you. The ball python constricts you.
You closely miss the hobgoblin.
You punch the hobgoblin, but do no damage.
You bite the hobgoblin, but do no damage.
The hobgoblin is severely wounded.
The ball python closely misses you. The hobgoblin hits you.
A quokka comes into view.
The ball python bites you but does no damage.
The ball python constricts you.
The ball python bites you but does no damage.
Your magical contamination has completely faded away.
The ball python's grasp on you weakens, but your attempt to escape fails.
The hobgoblin misses you. The hobgoblin barely misses you.
A hobgoblin comes into view.
The ball python bites you. The ball python constricts you.
The ball python bites you.
* * * LOW HITPOINT WARNING * * *
You escape the ball python's grasp.
You barely miss the ball python. Your bite misses the ball python.
The hobgoblin barely misses you. The hobgoblin hits you.
The ball python barely misses you. The ball python grabs you.
The ball python constricts you. The ball python bites you.
* * * LOW HITPOINT WARNING * * *
You escape the ball python's grasp.
The ball python attacks as you move away!
The ball python bites you.
* * * LOW HITPOINT WARNING * * *
The ball python closely misses you. The hobgoblin attacks as you move away!
The hobgoblin barely misses you.
You hit the ball python.
You feel a bit better.
You kill the ball python!
The hobgoblin hits you.
* * * LOW HITPOINT WARNING * * *
The hobgoblin barely misses you. The hobgoblin attacks as you move away!
The hobgoblin hits you.
You die...

.#.#..### #.#.# ........##
#...# .. ###.###..# ##..#
.##.#
.....##..######..####....
....................#..#
##..#.................#
###.##................#
###†##................#
.....#..........@g[...#
...>............gS....#
......#.........g.w...#
#.#..................?....
#.....##..............##..
###...# ............g# .
#...# .............# .#...
####.###...... #. .......#


You could see a dart slug, 4 hobgoblins and a ball python.

Vanquished Creatures
  A dart slug (D:1)
  3 endoplasms (D:1)
  2 hobgoblins (D:1)
  3 jackals (D:1)
  2 ball pythons (D:1)
  A bat (D:1)
  2 frilled lizards (D:1)
  A kobold (D:1)
15 creatures vanquished.

Notes
Turn   | Place    | Note
-------+----------+-------------------------------------------
     0 | D:1      | avis the Vine Stalker Transmuter began the quest for the
                  | Orb.
     0 | D:1      | Reached XP level 1. HP: 9/9 MP: 4/4
    27 | D:1      | Reached skill level 1 in Fighting
    51 | D:1      | Reached XP level 2. HP: 4/15 MP: 3/6
    57 | D:1      | Learned a level 2 spell: Wereblood
   122 | D:1      | Found a faded altar of an unknown god.
   247 | D:1      | Slain by a hobgoblin

Illustrated notes

Levels and vault maps discovered:
D:1:      dpeg_arrival_tiny_f, layout_rooms,
          hellmonk_ecumenical_altar_arch_garden, minmay_3d_cube

Skill      XL: |  1  2 |
---------------+-------+-----
Fighting       | 1 2 |  2.0
Dodging        | |  1.5
Unarmed Combat | |  3.0
Spellcasting   | |  2.5
Transmutations | |  2.0

Action                     || total
---------------------------++-------
  Melee: Unarmed           ||    31
         Bite              ||    13
         Dagger            ||    14
         Punch             ||     2
         Headbutt          ||     1
   Cast: Beastly Appendage ||     2
         Wereblood         ||     2
 Armour: Robe              ||     6
  Dodge: Dodged            ||    28

Table legend: (Time is in decaauts)
 A = Elapsed time spent in this place.
 B = Non-inter-level travel time spent in this place.
 C = Inter-level travel time spent in this place.
 D = Time resting spent in this place.
 E = Time spent auto-exploring this place.
 F = Levels seen in this place.
 G = Mean time per level.
                   A        B        C        D        E       F      G
               +--------+--------+--------+--------+--------+-----+--------+
         Total |    244 |    244 |      0 |     54 |     76 |   1 |  244.0 |
       Dungeon |    244 |    244 |      0 |     54 |     76 |   1 |  244.0 |
               +--------+--------+--------+--------+--------+-----+--------+

Top non-repeatable levels by time:
     D:1: 244 daAuts
